 Dungeon Crawl Stone Soup version 0.24-a0-277-g67e6301 (webtiles) character file.

Game seed: 17065521185399144936

73 MattMattMattMatt the Charmwright (level 4, 0/34 HPs)
             Began as a Merfolk Skald on Apr 29, 2019.
             Slain by a worm (3 damage)
             ... on level 2 of the Dungeon.
             The game lasted 00:09:26 (1607 turns).

MattMattMattMatt the Charmwright (Merfolk Skald)    Turns: 1607, Time: 00:09:26

Health: 0/34       AC:  5    Str: 12    XL:     4   Next: 27%
Magic:  13/16      EV: 11    Int: 12    God:
Gold:   66         SH:  0    Dex: 13    Spells: 1/7 levels left

rFire    . . .     SeeInvis .   a - +0 falchion
rCold    . . .     Gourm    .   (no shield)
rNeg     . . .     Faith    .   n - +0 ring mail
rPois    .         Spirit   .   (no helmet)
rElec    .         Reflect  .   (no cloak)
rCorr    .         Harm     .   (no gloves)
MR       .....                  (no boots)
Stlth    +.........             (no amulet)
HPRegen  0.11/turn              k - ring of magical power
MPRegen  0.15/turn              l - ring of wizardry

@: infused
A: change form in water, swift swim, stealthy swim
a: no special abilities


You were on level 2 of the Dungeon.
You were not hungry.

You visited 1 branch of the dungeon, and saw 2 of its levels.

You collected 66 gold pieces.

Inventory:

Hand Weapons
 a - a +0 falchion (weapon)
Missiles
 c - 61 stones (quivered)
Armour
 b - a +0 leather armour
 n - a +0 ring mail (worn)
Jewellery
 k - a ring of magical power (left hand)
 l - a ring of wizardry (right hand)
Scrolls
 e - 2 scrolls of identify {unknown}
 g - 2 scrolls of blinking {unknown}
 h - a scroll of enchant armour {unknown}
 i - 4 scrolls of remove curse {unknown}
 j - 3 scrolls of teleportation {unknown}
Potions
 f - a potion of berserk rage {unknown}
 m - a potion of flight {unknown}
Comestibles
 d - 4 rations


   Skills:
 + Level 2.8 Fighting
 + Level 3.2 Long Blades
 + Level 1.4 Armour
 + Level 2.7 Dodging
 + Level 0.7 Stealth
 + Level 2.1 Spellcasting
 + Level 3.6 Charms


You had one spell level left.
You knew the following spells:

 Your Spells              Type           Power        Failure   Level  Hunger
a - Infusion              Chrm           ##..         5%          1    ##.....
b - Spectral Weapon       Hex/Chrm       #.......     32%         3    ####...
c - Song of Slaying       Chrm           ##......     9%          2    ###....

Your spell library contained the following spells:

 Spells                   Type           Power        Failure   Level  Hunger
 Shroud of Golubria       Chrm/Tloc      #.........   16%         2    ###....
 Regeneration             Chrm/Necr      #.........   32%         3    ####...


Dungeon Overview and Level Annotations

Branches:
Dungeon (2/15)

Altars:


Message History

Your spectral weapon fades away.
A worm comes into view.
The worm bites you but does no damage.
You hit the worm but do no damage. You hit the worm but do no damage.
The worm completely misses you.
You barely miss the worm. The worm bites you.
You hit the worm but do no damage. The worm bites you!
Your ring mail prevents you from hitting the worm.
Casting: Spectral Weapon (safe; 32% risk of failure)
Confirm with . or Enter, or press ? or * to list all spells.
You begin infusing your attacks with magical energy.
The worm bites you!
* * * LOW HITPOINT WARNING * * *
You barely miss the worm. The worm bites you but does no damage.
You slash the worm!
The worm is heavily wounded.
You hit the worm.
The worm is almost dead.
The worm bites you.
You die...

##...........#
.†...........#
.............# ##
.............####..
.............#....#
.......##'####....#
#.#.##.##.# #....#
....##.##.# #..w.#
#...##.##.# #..@.#
##..##.##.# #....#
#..##.##.# #....#
###.##.##.# #....#
.#
..#..#.##.####....#
#.#
..#..#............#
#.#
..#...###.####....#
#.#
..#.#............)#
#.#
..#.#.##..........#
#.#


You could see a worm.

Vanquished Creatures
  2 adders (D:2)
  2 oozes
  A dart slug (D:1)
  2 leopard geckos (D:1)
  2 giant cockroaches
  5 goblins (D:1)
  7 hobgoblins
  2 jackals (D:1)
  5 kobolds
  A quokka (D:2)
  4 bats
  6 frilled lizards
  5 rats (D:1)
44 creatures vanquished.

Notes
Turn   | Place    | Note
-------+----------+-------------------------------------------
     0 | D:1      | MattMattMattMatt the Merfolk Skald began the quest for the
                  | Orb.
     0 | D:1      | Reached XP level 1. HP: 16/16 MP: 3/3
   208 | D:1      | Reached XP level 2. HP: 11/23 MP: 0/5
   659 | D:1      | Reached XP level 3. HP: 22/28 MP: 6/6
   702 | D:1      | Reached skill level 1 in Armour
  1455 | D:2      | Reached XP level 4. HP: 21/34 MP: 7/7
  1471 | D:2      | Learned a level 3 spell: Spectral Weapon
  1474 | D:2      | Learned a level 2 spell: Song of Slaying
  1607 | D:2      | Slain by a worm

Levels and vault maps discovered:
D:1:      dpeg_arrival_snail, layout_basic
D:2:      layout_basic

Skill      XL: |  1  2  3 |
---------------+----------+-----
Armour         | 1 |  1.4
Long Blades    | 3 |  3.2
Fighting       | |  2.8
Dodging        | |  2.7
Stealth        | |  0.7
Spellcasting   | |  2.1
Charms         | |  3.6

Action                   |  1- 3 |  4- 6 || total
-------------------------+-------+-------++-------
Melee: Falchion          |    96 |    25 ||   121
 Cast: Infusion          |     4 |     1 ||     5
       Song of Slaying   |       |     1 ||     1
       Spectral Weapon   |       |     1 ||     1
 Stab: Sleeping          |     1 |       ||     1
  Eat: Ration            |     1 |       ||     1
Armor: Leather armour    |    20 |       ||    20
       Ring mail         |     2 |    11 ||    13
Dodge: Dodged            |    85 |    11 ||    96
       Rpst.: Falchion   |    31 |     4 ||    35

Table legend:
 A = Non-vault XP
 B = Vault XP
 C = Vault XP percentage of total XP
 D = Non-vault monster count
 E = Vault monster count
 F = Vault count percentage of total count
                 A         B        C        D         E       F
            +---------+---------+-------+---------+---------+-------
      Total |     105 |       0 |   0.0 |      44 |       0 |   0.0
            +---------+---------+-------+---------+---------+-------
        D:1 |      56 |       0 |   0.0 |      30 |       0 |   0.0
        D:2 |      49 |       0 |   0.0 |      14 |       0 |   0.0
            +---------+---------+-------+---------+---------+-------
